 Dungeon Crawl Stone Soup version 0.31-b1-20-g67cafac56d (webtiles) character file.

Game seed: 6115330998634398884

1148 Janerl the Cudgeller (level 8, -9/105 HPs)
             Began as a Minotaur Berserker on Jan 17, 2024.
             Was a Priest of Trog.
             Mangled by a shadow (27 damage)
             ... on level 5 of the Dungeon.
             The game lasted 00:13:27 (3627 turns).

Janerl the Cudgeller (Minotaur Berserker)           Turns: 3627, Time: 00:13:27

Health: -9/105     AC:  8    Str: 21    XL:     8   Next: 15%
Magic:  7/7        EV:  9    Int:  6    God:    Trog [***...]
Gold:   167        SH: 14    Dex: 11    Spells: 7/7 levels left

rFire   . . .        p - +6 club
rCold   . . .        u - +2 tower shield
rNeg    . . .        f - +0 ring mail
rPois   .            (helmet restricted)
rElec   .            o - +0 cloak
rCorr   .            w - +0 pair of gloves
SInv    .            (no boots)
Will    .....        e - amulet of the acrobat Stlth
                     (no ring)
HPRegen 0.37/turn    (no ring)
MPRegen 0.10/turn

%: acrobat
@: berserking (expiring), very quick
A: horns 2, retaliatory headbutt
a: Renounce Religion, Berserk, Trog's Hand


You were on level 5 of the Dungeon.
You worshipped Trog.
Trog was most pleased with you.
You visited 1 branch of the dungeon, and saw 5 of its levels.
You also visited: Ossuary.

You collected 167 gold pieces.

Inventory:

Hand Weapons
 b - a +6 dagger of venom
 p - a +6 club (weapon)
Missiles
 h - 3 atropa-tipped darts (quivered)
Armour
 f - a +0 ring mail (worn)
 o - a +0 cloak (worn)
 u - a +2 tower shield (worn)
 w - a +0 pair of gloves (worn)
Jewellery
 e - an amulet of the acrobat (around neck)
 i - a ring of magical power
Talismans
 a - a beast talisman
Wands
 t - a wand of polymorph (12)
Scrolls
 d - 2 scrolls of torment {unknown}
 j - 4 scrolls of identify
 m - a scroll of vulnerability {unknown}
 s - a scroll of summoning {unknown}
 x - 2 scrolls of revelation {unknown}
 y - a scroll of amnesia {unknown}
 B - a scroll of teleportation {unknown}
 C - 2 scrolls of enchant weapon {unknown}
 E - a scroll of silence {unknown}
 F - a scroll of immolation {unknown}
Potions
 c - a potion of magic {unknown}
 g - a potion of invisibility {unknown}
 k - a potion of curing {unknown}
 l - a potion of degeneration {unknown}
 n - a potion of heal wounds {unknown}
 q - a potion of mutation {unknown}
 r - 2 potions of haste
 v - 2 potions of lignification
 z - 3 potions of enlightenment
 A - a potion of ambrosia {unknown}
 D - 2 potions of might


   Skills:
 + Level 5.7 Fighting
 + Level 7.8 Maces & Flails
 + Level 5.6 Armour
 + Level 3.9 Dodging
 + Level 0.4 Stealth
 + Level 4.7 Shields


You had 7 spell levels left.
You didn't know any spells.
Your spell library was empty.

Dungeon Overview and Level Annotations

Branches:
Dungeon (5/15)            Ossuary (visited)
 Temple: D:4-7

Altars:
Cheibriados
Nemelex Xobeh
Okawaru
Xom


Innate Abilities, Weirdness & Mutations

You have a pair of horns on your head.
You reflexively headbutt those who attack you in melee.


Message History

The kobold brigand hits you with a +0 club.
* * * LOW HITPOINT WARNING * * *
You hit the kobold brigand. You headbutt the kobold brigand.
The kobold brigand is severely wounded.
You feel sick.
You are no longer poisoned.
The shadow hits you.
* * * LOW HITPOINT WARNING * * *
You block the kobold brigand's attack.
Okay, then.
A red film seems to cover your vision as you go berserk!
You feel yourself moving faster!
You feel mighty! The shadow hits you.
* * * LOW HITPOINT WARNING * * *
The kobold brigand hits you with a +0 club.
* * * LOW HITPOINT WARNING * * *
You barely miss the kobold brigand.
The kobold brigand is severely wounded.
You block the shadow's attack. You block the kobold brigand's attack.
You sock the kobold brigand!
You kill the kobold brigand!
Trog accepts your kill. The shadow hits you.
* * * LOW HITPOINT WARNING * * *
You barely miss the shadow.
The shadow is lightly damaged.
You hit the shadow.
The shadow is moderately damaged.
You block the shadow's attack.
You barely miss the shadow. Your headbutt misses the shadow.
The shadow is moderately damaged.
You block the shadow's attack.
You barely miss the shadow. Your headbutt misses the shadow.
The shadow is moderately damaged.
The shadow slips into darkness.
The shadow flickers and vanishes!
Deactivating autopickup; reactivate with Ctrl-A.
You miss something. You sock something!
The shadow strikes at you from the darkness!
You die...

..#......#~~~~~~
.........#~~~~~~
.........#~~~~~~
#......'..{...
#......'......
#...†))#~~Y~~~
#....[)# ~~~~~
#....{)# ~~~~
#....@.## ~~~
##.###..# ~~ #.
#..(# ~ . #....#
♣# ......#
#.......#
..........
##..........
...........


There were no monsters in sight!

Vanquished Creatures
  An ice beast (D:5)
  2 ogres (D:4)
  A kobold brigand (D:5)
  A weeping skull (Ossuary)
  A scorpion (D:4)
  6 water moccasin zombies (Ossuary)
  A hound (D:5)
  An orc priest (D:5)
  Jessica (D:2)
  An iguana (D:4)
  3 crocodile zombies (Ossuary)
  2 mummies (Ossuary)
  Robin (D:2)
  3 adders
  4 gnolls (D:5)
  5 adder zombies (Ossuary)
  A dart slug (D:2)
  4 orcs
  7 ball pythons
  2 bats (D:3)
  4 endoplasms
  2 giant cockroaches
  4 gnoll zombies (Ossuary)
  7 goblins
  11 hobgoblins
  3 quokkas
  3 frilled lizards
  4 jackal zombies (Ossuary)
  6 kobolds
  2 orc zombies (Ossuary)
  7 rats
101 creatures vanquished.

Notes
Turn   | Place    | Note
-------+----------+-------------------------------------------
     0 | D:1      | Janerl the Minotaur Berserker began the quest for the Orb.
     0 | D:1      | Reached XP level 1. HP: 19/19 MP: 0/0
   188 | D:1      | Reached XP level 2. HP: 27/27 MP: 1/1
   293 | D:1      | Reached skill level 4 in Maces & Flails
   639 | D:2      | Reached XP level 3. HP: 34/34 MP: 2/2
   796 | D:2      | Found a shimmering altar of Xom.
  1167 | D:2      | Noticed Robin
  1182 | D:2      | Killed Robin
  1182 | D:2      | Reached ** piety under Trog
  1186 | D:2      | Reached XP level 4. HP: 41/41 MP: 3/3
  1196 | D:2      | Noticed Jessica
  1205 | D:2      | Killed Jessica
  2143 | D:4      | Noticed an ogre
  2153 | D:4      | Killed an ogre
  2154 | D:4      | Reached skill level 5 in Maces & Flails
  2154 | D:4      | Reached XP level 5. HP: 43/47 MP: 4/4
  2229 | D:4      | Found a sand-covered staircase.
  2239 | Ossuary  | Entered an ossuary
  2280 | Ossuary  | Reached skill level 1 in Shields
  2280 | Ossuary  | Reached XP level 6. HP: 51/55 MP: 5/5
  2404 | Ossuary  | Reached skill level 5 in Fighting
  2404 | Ossuary  | Reached skill level 6 in Maces & Flails
  2496 | Ossuary  | Reached skill level 5 in Armour
  2496 | Ossuary  | Reached XP level 7. HP: 36/61 MP: 6/6
  2645 | Ossuary  | Reached *** piety under Trog
  2735 | D:4      | Reached skill level 7 in Maces & Flails
  2829 | D:4      | Found an iron altar of Okawaru.
  2829 | D:4      | Found a sparkling altar of Nemelex Xobeh.
  2885 | D:4      | Found a snail-covered altar of Cheibriados.
  3486 | D:5      | Entered Level 5 of the Dungeon
  3519 | D:5      | Reached XP level 8. HP: 66/69 MP: 7/7
  3627 | D:5      | Mangled by a shadow

Illustrated notes

Levels and vault maps discovered:
D:1:      tarquinn_simple_flora_water_b, layout_loops_ring
D:2:      layout_basic, basic_altar, uniq_jessica, uniq_robin
D:3:      layout_loops_cross, chequers_serial_rivers_small_b,
          nicolae_figureground_pulse
D:4:      layout_loops_ring, mainiacjoe_overflow_brackets,
          gammafunk_temple_overflow_elements, nicolae_ossuary_entry_monument,
          roderic_lattice_a
D:5:      kennysheep_big_flooded_room, layout_rooms, nicolae_ru_awakened_eye,
          minivault_27, pf_guarded_unrand_woodcutter, uniq_ijyb, uniq_eustachio

Skill      XL: |  1  2  3  4  5  6  7 |
---------------+----------------------+-----
Maces & Flails | 4 5 6 7 |  7.8
Fighting       | 4 5 |  5.7
Armour         | 3 4 5 |  5.6
Dodging        | 3 |  3.9
Shields        | 1 2 4 |  4.7
Stealth        | |  0.4

Action                     |  1- 3 |  4- 6 |  7- 9 || total
---------------------------+-------+-------+-------++-------
  Melee: Mace              |    56 |     1 |       ||    57
         Headbutt          |     9 |    16 |    24 ||    49
         Club              |       |   105 |   111 ||   216
         Dagger            |       |     3 |       ||     3
 Invoke: Berserk           |     1 |     2 |     2 ||     5
    Use: Scroll            |       |       |     5 ||     5
 Armour: Animal skin       |     4 |       |       ||     4
         Ring mail         |    28 |    58 |    47 ||   133
  Dodge: Dodged            |    32 |    33 |    22 ||    87
  Block: Tower shield      |       |    44 |    82 ||   126
